 Dungeon Crawl Stone Soup version 0.31.0-32-g396128a36d (webtiles) character file.

Game seed: 13471492295800400898

287133 Engrim the Peltast (level 19, 0/141 HPs)
             Began as a Demonspawn Fighter on Mar 22, 2024.
             Was an Initiate of Gozag.
             Splashed by the Royal Jelly's acid (4 damage)
             ... on level 5 of the Pits of Slime.
             The game lasted 01:58:37 (34699 turns).

Engrim the Peltast (Demonspawn Fighter)            Turns: 34699, Time: 01:58:38

Health: 0/141      AC: 18    Str: 22      XL:     19   Next: 60%
Magic:  2/17       EV:  5    Int:  6 (7)  God:    Gozag
Gold:   6055       SH: 32    Dex: 13 (16) Spells: 18/18 levels left

rFire   . . .        H - +6 war axe (vamp)
rCold   . . .        V - +0 tower shield
rNeg    + . .        b - +6 crystal plate armour
rPois   +            (helmet unavailable)
rElec   .            k - +2 cloak
rCorr   +            L - +2 pair of gloves {Stlth+}
SInv    +            a - +1 pair of boots {rampage}
Will    +++..        s - amulet of reflection Stlth
                     Q - ring "Jeastiaw" {Fly rCorr Dex+3}
HPRegen 0.43/turn    d - ring "Enkejoo" {rPois rN+ Will++ Dex-4 Slay+5}
MPRegen 0.15/turn

%: reflection, clarity, rampage
@: engulfed (cannot breathe), corroded, on berserk cooldown, flying, slowed,
very slow
A: antennae 3, large bone plates 2, ignite blood 2, powered by death 2,
augmentation 2, agile 1, clarity, deterioration 1, dopey 1, frail 1, low MP 1,
screaming 1, subdued magic 1, devolution 1
}: 2/15 runes: decaying, serpentine
a: Renounce Religion, Potion Petition, Call Merchant, Bribe Branch


You were on level 5 of the Pits of Slime.
You worshipped Gozag.
Gozag was greatly pleased with you.
You visited 7 branches of the dungeon, and saw 36 of its levels.

You collected 14345 gold pieces.
You spent 2721 gold pieces at shops.
You paid 5569 gold pieces to Gozag.

Inventory:

Hand Weapons
 v - a +3 broad axe of venom
 H - a +6 vampiric war axe (weapon)
 I - a +3 hand axe of freezing
 R - a +2 hand axe of venom
Armour
 a - a +1 pair of boots of rampaging (worn)
 b - a +6 crystal plate armour (worn)
 k - a +2 cloak (worn)
 L - a +2 pair of gloves of stealth (worn)
 V - a +0 tower shield (worn)
 W - +0 pearl dragon scales
 Y - a +2 kite shield of poison resistance
 Z - a +1 kite shield of fire resistance
Jewellery
 d - the ring "Enkejoo" (right hand) {rPois rN+ Will++ Dex-4 Slay+5}
   (You acquired it on level 8 of the Dungeon)

   [ring of poison resistance]

   Dex-4:     It affects your dexterity (-4).
   Slay+5:    It affects your accuracy & damage with ranged weapons and melee
   (+5).
   rPois:     It protects you from poison rN+: It protects you from negative
   energy.
   Will++:    It greatly increases your willpower.
 j - a ring of protection from cold
 o - a ring of resist corrosion
 q - a +4 ring of protection
 s - an amulet of reflection (around neck)
 C - a ring of willpower
 G - a +4 ring of protection
 P - a ring of willpower
 Q - the ring "Jeastiaw" (left hand) {Fly rCorr Dex+3}
   (You bought it in a shop on level 3 of the Lair of Beasts)

   [ring of resist corrosion]

   Dex+3:     It affects your dexterity (+3).
   Fly:       It grants you flight.
   rCorr:     It protects you from acid and corrosion.
Wands
 t - a wand of flame (66)
 A - a wand of polymorph (11)
 J - a wand of paralysis (18)
 S - a wand of light (8)
 T - a wand of mindburst (23)
 U - a wand of roots (11)
Scrolls
 c - a scroll of enchant weapon
 m - 2 scrolls of silence
 n - 12 scrolls of teleportation
 p - a scroll of butterflies
 u - 9 scrolls of fog
 w - 4 scrolls of identify
 y - 6 scrolls of fear
 z - 4 scrolls of poison
 B - 4 scrolls of revelation
 E - 6 scrolls of immolation
Potions
 e - 6 potions of enlightenment
 f - 8 potions of curing
 g - 3 potions of magic
 h - 3 potions of cancellation
 i - 4 potions of ambrosia
 l - 3 potions of heal wounds
 r - 5 potions of attraction
 x - 4 potions of haste
 F - 3 potions of lignification
 K - 2 potions of invisibility
 M - 3 potions of resistance
 O - a potion of brilliance
Miscellaneous
 D - a box of beasts
 X - a lightning rod (3/4)


   Skills:
 * Level 15.7 Fighting
 * Level 18.7 Axes
 * Level 13.6 Armour
 + Level 2.0 Dodging
 * Level 20.4 Shields
 + Level 0.3 Unarmed Combat
 + Level 0.5 Evocations


You had 18 spell levels left.
You didn't know any spells.
Your spell library contained the following spells:

 Spells                   Type           Power      Damage    Failure   Level
 Magic Dart               Conj           0%         1d3       100%        1
 Necrotise                Necr           0%         1d4       100%        1
 Sandblast                Erth           0%         2d4       100%        1
 Shock                    Conj/Air       0%         1d3       100%        1
 Blink                    Tloc           0%         N/A       100%        2
 Ensorcelled Hibernation  Hex/Ice        0%         N/A       100%        2
 Lesser Beckoning         Tloc           0%         N/A       100%        2
 Momentum Strike          Conj/Tloc      0%         3d8       100%        2
 Searing Ray              Conj           0%         2d4       100%        2
 Static Discharge         Conj/Air       0%         3-3/arc   100%        2
 Sublimation of Blood     Necr           0%         N/A       100%        2
 Fugue of the Fallen      Necr           0%         N/A       100%        3
 Ozocubu's Armour         Ice            0%         N/A       100%        3
 Passwall                 Erth           0%         N/A       100%        3
 Stone Arrow              Conj/Erth      0%         3d7       100%        3
 Swiftness                Air            0%         N/A       100%        3
 Vampiric Draining        Necr           0%         2d6       100%        3
 Airstrike                Air            0%         2d(0-16)  100%        4
 Anguish                  Hex/Necr       0%         N/A       100%        4
 Animate Armour           Summ/Erth      0%         N/A       100%        4
 Brom's Barrelling Bould  Conj/Erth      0%         2d3       100%        4
 Fulminant Prism          Conj/Alch      0%         3d5       100%        4
 Manifold Assault         Tloc           0%         N/A       100%        4
 Martyr's Knell           Necr/Summ      0%         N/A       100%        4
 Petrify                  Alch/Erth      0%         N/A       100%        4
 Summon Lightning Spire   Summ/Air       0%         N/A       100%        4
 Borgnjor's Vile Clutch   Necr/Erth      0%         N/A       100%        5
 Curse of Agony           Necr           0%         N/A       100%        5
 Fireball                 Conj/Fire      0%         3d3       100%        5
 Irradiate                Conj/Alch      0%         3d11      100%        5
 Iskenderun's Battlesphe  Conj           0%         2d6       100%        5
 Lee's Rapid Deconstruct  Erth           0%         3d4*      100%        5
 Summon Forest            Summ/Tloc      0%         N/A       100%        5
 Bombard                  Conj/Erth      0%         9d1       100%        6
 Conjure Ball Lightning   Conj/Air       0%         3x3d6     100%        6
 Death Channel            Necr           0%         N/A       100%        6
 Eringya's Noxious Bog    Alch           0%         4d6       100%        6
 Orb of Destruction       Conj           0%         9d5       100%        7
 Spellforged Servitor     Conj/Summ      0%         N/A       100%        7
 Summon Hydra             Summ           0%         N/A       100%        7
 Animate Dead             Necr           Unusable   N/A       N/A         4

Dungeon Overview and Level Annotations

Branches:
Dungeon (15/15)            Temple (1/1) D:7            Lair (5/5) D:9
  Swamp (4/4) Lair:2        Snake (4/4) Lair:3        Slime (5/5) Lair:5
    Orc (2/2) D:12            Elf (0/3) Orc:2        Vaults (0/5) D:14
 Depths (0/4) D:15

Altars:
Ashenzari
Cheibriados
Dithmenos
Fedhas
Gozag
Hepliaklqana
Kikubaaqudgha
Makhleb
Nemelex Xobeh
Okawaru
Qazlal
Ru
Sif Muna
Trog
Uskayaw
Vehumet
Wu Jian
Xom
Yredelemnul

Shops:
D:5 ?   D:12 ?[*   Orc:2 !**([   Lair:3 =   Swamp:1 [   Snake:1 :=:

Annotations:
Swamp:3 Roxanne
Slime:5 Royal Jelly


Innate Abilities, Weirdness & Mutations

You have a pair of large antennae on your head. (SInv)
You are mostly covered in large bone plates. (SH +6)
Your demonic aura often causes spilled blood to erupt in flames.
You regenerate health from kills.
Your magical and physical power is enhanced at high health.
You are agile. (Dex +4, Str/Int -1)
You possess an exceptional clarity of mind.
Your body sometimes deteriorates upon taking damage.
You are dopey. (Int -2)
You are frail. (-10% HP)
Your magical capacity is low. (-10% MP)
You occasionally shout uncontrollably at your foes.
Your spells are a little easier to cast, but a little less powerful.
You have hidden genetic defects.


Message History

You slash the quicksilver ooze! You slash the acid blob!
You feel better.
Your hands burn!
Your lungs strain for air!
You block the quicksilver ooze's attack. x2
The Royal Jelly hits you but does no damage.
You block the Royal Jelly's attack. You block the azure jelly's attack.
The azure jelly hits you. The azure jelly freezes you!!
The azure jelly hits you. The azure jelly barely misses you.
The quicksilver ooze completely misses you.
The quicksilver ooze hits you but does no damage.
The rockslime hits you.
You hold your ground!
The acid blob jiggles.
The acid blob hits you!! The acid corrodes you!
You are splashed with acid.
You resist.
* * * LOW HITPOINT WARNING * * *
The Royal Jelly barely misses you. The Royal Jelly closely misses you.
The azure jelly is engulfed in blazing flames.
You kill the azure jelly!
That felt strangely unrewarding.
* * * LOW HITPOINT WARNING * * *
Your lungs strain for air!
The quicksilver ooze hits you.
You block the quicksilver ooze's attack.
You block the Royal Jelly's attack. x2; You block the rockslime's attack.
The acid blob is engulfed in blazing flames.
The acid blob spits acid at you. The splash of acid hits you. You resist.
* * * LOW HITPOINT WARNING * * *
The quicksilver ooze hits you!
* * * LOW HITPOINT WARNING * * *
Your body deteriorates!
You feel dopey. The quicksilver ooze barely misses you.
The quicksilver ooze is engulfed in blazing flames.
The quicksilver ooze hits you.
The quicksilver ooze hits you but does no damage.
The Royal Jelly hits you!
* * * LOW HITPOINT WARNING * * *
You are splashed with acid.
You resist.
You die...
Your body crumbles into a pile of gold.

................
..............#
.............# ............#
............# .........$$.##
......$..$...##
...........○..##
..........J@J..# ###
.........JJJJ.###.......
................#........
..........................
..........................##
............................
...........................
...^......................#
.........................##


You could see the Royal Jelly, an acid blob, a slime creature, a rockslime and 2
quicksilver oozes.

Vanquished Creatures
  Vashnia (Snake:3)
  the Lernaean hydra (Swamp:4)
  14 acid blobs
  Agnes (D:15)
  2 thorn hunters (Swamp:4)
  Aizul (Swamp:2)
  14 nagarajas
  Donald (Swamp:2)
  2 fenstrider witches
  15 azure jellies
  9 rockslimes
  A ghoul (Swamp:3)
  7 quicksilver oozes
  8 formless jellyfish
  9 eleionomae
  A bunyip (Swamp:3)
  2 shambling mangroves
  An entropy weaver (D:14)
  6 great orbs of eyes
  A vault guard (D:14)
  6 salamander tyrants
  4 ghost crabs
  19 hydras
  6 centaur warriors
  A spriggan air mage (Swamp:4)
  A rakshasa (D:14)
  2 ogre magi
  14 alligators
  5 boulder beetles
  A merfolk avatar (Lair:5)
  3 catoblepae
  A death knight (D:13)
  3 anacondas
  19 naga warriors
  2 death yaks (Lair:2)
  5 two-headed ogres
  3 orc high priests (Orc:2)
  Urug (D:10)
  21 naga sharpshooters
  A tengu warrior (D:15)
  8 shock serpents
  A fire crab (Lair:2)
  6 salamander mystics
  2 skysharks (Lair:5)
  3 goliath frogs
  A sea snake (Lair:5)
  2 spriggan druids (Swamp:4)
  15 mana vipers
  A glowing orange brain (Slime:5)
  2 arcanists
  6 naga ritualists
  A bog body (Swamp:1)
  11 swamp dragons
  Pikel (D:7)
  5 orc knights
  2 deep elf pyromancers
  The ghost of cfcfcfcfcf the Caller, a novice FeSu of Kikubaaqudgha (D:8)
  12 ugly things
  8 cyclopes
  6 orc sorcerers (Orc:2)
  6 shining eyes
  25 salamanders
  5 will-o-the-wisps
  3 oklob plants (Lair:5)
  A manticore (D:14)
  3 meliai (D:15)
  An eye of devastation (Slime:5)
  An elephant (Lair:5)
  6 guardian serpents
  A kobold blastminer (Orc:2)
  A torpor snail (Lair:2)
  16 naga magi
  49 black mambas
  14 cane toads
  Maggie (D:9)
  4 rime drakes
  3 unseen horror zombies (D:9)
  A kobold demonologist (D:12)
  A freezing wraith (D:15)
  14 komodo dragons
  7 trolls
  2 polar bears (Lair:5)
  11 hornets
  A queen bee (Lair:2)
  2 wind drakes (Lair:5)
  A troll (shapeshifter) (D:15)
  10 tyrant leeches
  24 blink frogs
  A glass eye (Slime:3)
  11 dream sheep
  The ghost of Ijustatesigmund the Conjurer, an amateur OpCj of Cheibriados (D:4)
  87 slime creatures
  5 spriggans
  12 wyverns
  A shadow (D:10)
  6 wraiths
  A ynoxinul (D:8)
  2 water elementals (D:12)
  30 yaks
  A golden eye (Lair:5)
  7 basilisks
  2 steam dragons
  Grum (D:8)
  2 wargs (Orc:1)
  25 vampire mosquitoes
  Menkaure (D:4)
  41 nagas
  16 swamp worms
  19 water moccasins
  An acid dragon (D:13)
  6 swamp drakes (Swamp:4)
  18 orc warriors
  7 black bears
  4 ogres
  25 centaurs
  A phantom (D:6)
  13 wolves
  3 kobold brigands (D:12)
  8 bullfrogs
  2 gnoll sergeants (D:10)
  6 earth elementals (D:12)
  5 scorpions
  2 necrophages (Swamp:3)
  14 wights
  43 killer bees
  2 howler monkeys
  An electric eel (Lair:2)
  A crimson imp (D:3)
  2 bombardier beetles
  4 centaur zombies (D:9)
  A jelly (D:5)
  Crazy Yiuf (D:2)
  A gnoll bouda (D:8)
  5 hounds
  20 orc priests
  5 iguanas
  Jessica (D:2)
  Ijyb (D:4)
  28 orc wizards
  4 sleepcaps
  A hell rat (Lair:2)
  2 killer bee zombies (D:9)
  A howler monkey zombie (D:9)
  13 gnolls
  9 adders
  A white imp (D:5)
  2 ufetubi (D:5)
  2 ribbon worms
  A dart slug (D:2)
  88 orcs
  10 ball pythons
  4 bats
  6 endoplasms
  6 giant cockroaches
  10 goblins
  11 hobgoblins
  8 jackals
  5 quokkas
  3 frilled lizards
  10 kobolds
  5 rats
1228 creatures vanquished.

Vanquished Creatures (others)
  A ghoul (Swamp:3)
  5 bloated husks
  A tyrant leech (Swamp:1)
  2 nagas
  A bombardier beetle (D:5)
  2 orc priests (Orc:2)
  34 foxfires
46 creatures vanquished.

Grand Total: 1274 creatures vanquished

Notes
Turn   | Place    | Note
-------+----------+-------------------------------------------
     0 | D:1      | Engrim the Demonspawn Fighter began the quest for the Orb.
     0 | D:1      | Reached XP level 1. HP: 18/18 MP: 1/1
    76 | D:1      | Gained mutation: You regenerate a little health from kills.
                  | [demonic ancestry]
    76 | D:1      | Reached XP level 2. HP: 22/24 MP: 2/2
   841 | D:2      | Gained mutation: Your demonic aura sometimes causes spilled
                  | blood to erupt in flames. [demonic ancestry]
   841 | D:2      | Reached XP level 3. HP: 29/29 MP: 3/3
  1003 | D:2      | Noticed Jessica
  1008 | D:2      | Killed Jessica
  1009 | D:2      | Reached skill level 3 in Shields
  1009 | D:2      | Reached XP level 4. HP: 35/35 MP: 4/4
  1358 | D:2      | Found a broken altar of Ashenzari.
  1622 | D:2      | Found a runed translucent door.
  1623 | D:2      | Noticed Crazy Yiuf
  1628 | D:2      | Killed Crazy Yiuf
  1769 | D:3      | Reached XP level 5. HP: 41/41 MP: 5/5
  2254 | D:3      | Found a faded altar of an unknown god.
  2477 | D:3      | Found a shimmering altar of Xom.
  2478 | D:3      | Found a burning altar of Makhleb.
  2482 | D:3      | Gained mutation: You are partially covered in large bone
                  | plates. (SH +4) [demonic ancestry]
  2482 | D:3      | Reached XP level 6. HP: 43/47 MP: 6/6
  2769 | D:4      | Noticed Ijyb
  2790 | D:4      | Killed Ijyb
  3351 | D:4      | Noticed Menkaure
  3362 | D:4      | Killed Menkaure
  3363 | D:4      | Reached skill level 5 in Axes
  3363 | D:4      | Reached skill level 1 in Dodging
  3363 | D:4      | Reached skill level 4 in Shields
  3363 | D:4      | Reached XP level 7. HP: 15/53 MP: 7/7
  3752 | D:4      | Found a runed translucent door.
  3757 | D:4      | Noticed Ijustatesigmund's ghost (amateur OpCj)
  3782 | D:4      | Killed Ijustatesigmund's ghost
  4335 | D:5      | Entered Level 5 of the Dungeon
  4411 | D:5      | Found The Oracle's Delphic Readings.
  4432 | D:5      | Bought a scroll of fear for 60 gold pieces
  4483 | D:5      | Found an iron altar of Okawaru.
  4665 | D:5      | Gained mutation: You regenerate health from kills. [demonic
                  | ancestry]
  4665 | D:5      | Reached XP level 8. HP: 45/60 MP: 8/8
  4819 | D:5      | Reached skill level 5 in Shields
  5735 | D:6      | Found a sacrificial altar of Ru.
  5936 | D:6      | Found a hide-covered altar of Uskayaw.
  6143 | D:7      | Found a bloodstained altar of Trog.
  6286 | D:7      | Reached skill level 6 in Shields
  6303 | D:7      | Gained mutation: You are mostly covered in large bone
                  | plates. (SH +6) [demonic ancestry]
  6303 | D:7      | Reached XP level 9. HP: 13/66 MP: 9/9
  6305 | D:7      | HP: 2/67 [poisoned by a killer bee]
  6312 | D:7      | Found a staircase to the Ecumenical Temple.
  6494 | Temple   | Entered the Ecumenical Temple
  6506 | Temple   | Became a worshipper of Gozag Ym Sagoz the Greedy
  6887 | D:7      | Reached skill level 5 in Fighting
  6887 | D:7      | Reached skill level 5 in Armour
  6914 | D:7      | Noticed Pikel
  6920 | D:7      | Paralysed by Pikel for 4 turns
  6928 | D:7      | Paralysed by Pikel for 4 turns
  6941 | D:7      | Killed Pikel
  6942 | D:7      | Reached skill level 7 in Shields
  7115 | D:7      | Found a stormy altar of Qazlal.
  7251 | D:7      | Found an ancient bone altar of Kikubaaqudgha.
  7254 | D:7      | Found a radiant altar of Vehumet.
  7581 | D:7      | Identified a scroll of acquirement
  7654 | D:8      | Noticed cfcfcfcfcf's ghost (novice FeSu)
  7660 | D:8      | Found a runed translucent door.
  7792 | D:8      | Identified the +4 long sword of Hicuf {speed, rC++ Str-3
                  | Dex+3 Stlth+}
  8109 | D:8      | Found a shadowy altar of Dithmenos.
  8216 | D:8      | Noticed Grum
  8228 | D:8      | Killed Grum
  8426 | D:8      | Found a snail-covered altar of Cheibriados.
  8568 | D:8      | Noticed a lightning spire
  8579 | D:8      | Killed cfcfcfcfcf's ghost
  8580 | D:8      | Gained mutation: Your demonic aura often causes spilled
                  | blood to erupt in flames. [demonic ancestry]
  8580 | D:8      | Reached XP level 10. HP: 74/75 MP: 10/10
  8648 | D:8      | Acquired the ring "Enkejoo" {rPois rN+ Will++ Dex-4 Slay+5}
  8673 | D:9      | Reached skill level 8 in Shields
  8682 | D:9      | Noticed Maggie
  8695 | D:9      | Killed Maggie
  8840 | D:9      | Found a staircase to the Lair.
  8958 | D:9      | Reached skill level 10 in Axes
  9035 | D:9      | Found a blossoming altar of Fedhas.
  9169 | D:9      | Found a sparkling altar of Nemelex Xobeh.
  9208 | D:9      | Found a basalt altar of Yredelemnul.
  9340 | D:10     | Entered Level 10 of the Dungeon
  9355 | D:10     | Noticed an ogre mage
  9378 | D:10     | Found a runed translucent door.
  9415 | D:10     | Noticed Urug
  9430 | D:10     | Killed Urug
  9431 | D:10     | Reached skill level 9 in Shields
  9431 | D:10     | Reached XP level 11. HP: 67/83 MP: 11/11
  9646 | D:10     | Found a broken altar of Ashenzari.
  9923 | D:10     | Killed an ogre mage
 10001 | D:11     | Noticed a brown ugly thing
 10008 | D:11     | Killed a brown ugly thing
 10159 | D:11     | Noticed a two-headed ogre
 10167 | D:11     | Killed a two-headed ogre
 10244 | D:11     | Noticed a catoblepas
 10249 | D:11     | Noticed a two-headed ogre
 10254 | D:11     | Killed a catoblepas
 10268 | D:11     | Killed a two-headed ogre
 10732 | D:12     | Reached skill level 10 in Shields
 10747 | D:12     | Gained mutation: You have a pair of small antennae on your
                  | head. [demonic ancestry]
 10747 | D:12     | Reached XP level 12. HP: 90/91 MP: 12/12
 10988 | D:12     | Noticed a catoblepas
 10994 | D:12     | Killed a catoblepas
 11321 | D:12     | Found a staircase to the Orcish Mines.
 11334 | D:12     | Identified the +4 morningstar of the Healing Hero {distort,
                  | Fly Int+3}
 11376 | D:12     | Noticed a boulder beetle
 11393 | D:12     | Killed a boulder beetle
 11827 | D:12     | Acquired 874 gold pieces
 11832 | D:12     | Bought a scroll of enchant armour for 112 gold pieces
 11832 | D:12     | Bought a scroll of enchant armour for 112 gold pieces
 11832 | D:12     | Bought a scroll of identify for 30 gold pieces
 11832 | D:12     | Bought a scroll of identify for 30 gold pieces
 11837 | D:12     | Gained mutation: Your muscles are strong. (Str +4, Int/Dex
                  | -1) [potion of mutation]
 11837 | D:12     | Gained mutation: You occasionally lose the ability to drink
                  | potions when taking damage. [potion of mutation]
 11837 | D:12     | Gained mutation: You possess an exceptional clarity of
                  | mind. [potion of mutation]
 11837 | D:12     | Gained mutation: You are robust. (+10% HP) [potion of
                  | mutation]
 11838 | D:12     | Lost mutation: You are robust. (+10% HP) [potion of
                  | mutation]
 11838 | D:12     | Lost mutation: Your muscles are strong. (Str +4, Int/Dex
                  | -1) [potion of mutation]
 11838 | D:12     | Lost mutation: You occasionally lose the ability to drink
                  | potions when taking damage. [potion of mutation]
 11838 | D:12     | Gained mutation: You are robust. (+10% HP) [potion of
                  | mutation]
 11838 | D:12     | Gained mutation: You are agile. (Dex +4, Str/Int -1)
                  | [potion of mutation]
 11838 | D:12     | Gained mutation: You have a pair of antennae on your head.
                  | [potion of mutation]
 11845 | D:12     | Bought a scroll of fear for 44 gold pieces
 11845 | D:12     | Bought a scroll of teleportation for 33 gold pieces
 11845 | D:12     | Bought a scroll of identify for 22 gold pieces
 11845 | D:12     | Bought a scroll of teleportation for 33 gold pieces
 11845 | D:12     | Bought a scroll of enchant armour for 82 gold pieces
 11845 | D:12     | Bought a scroll of identify for 22 gold pieces
 11845 | D:12     | Bought a scroll of enchant armour for 82 gold pieces
 11845 | D:12     | Bought a scroll of vulnerability for 44 gold pieces
 11845 | D:12     | Bought a scroll of poison for 44 gold pieces
 12002 | D:13     | Noticed a death knight
 12011 | D:13     | Killed a death knight
 12407 | D:13     | Reached skill level 11 in Shields
 12677 | D:13     | Noticed a centaur warrior
 12685 | D:13     | Killed a centaur warrior
 12719 | D:13     | Noticed a centaur warrior
 12724 | D:13     | Killed a centaur warrior
 13141 | D:14     | Noticed a centaur warrior
 13141 | D:14     | Noticed a centaur warrior
 13145 | D:14     | Killed a centaur warrior
 13149 | D:14     | Mutation became permanent: You have a pair of small
                  | antennae on your head. [demonic ancestry]
 13149 | D:14     | Gained mutation: You have a pair of antennae on your head.
                  | [demonic ancestry]
 13149 | D:14     | Reached XP level 13. HP: 103/108 MP: 13/13
 13279 | D:14     | Found a gate to the Vaults.
 13816 | D:15     | Entered Level 15 of the Dungeon
 13914 | D:15     | Reached skill level 12 in Shields
 14358 | D:15     | Noticed Agnes
 14365 | D:15     | Killed Agnes
 14436 | D:15     | Found a staircase to the Depths.
 14990 | Orc:1    | Entered Level 1 of the Orcish Mines
 14997 | Orc:1    | Reached XP level 14. HP: 119/119 MP: 14/14
 15480 | Orc:2    | Entered Level 2 of the Orcish Mines
 15709 | Orc:2    | Reached skill level 15 in Axes
 15719 | Orc:2    | Reached skill level 13 in Shields
 15735 | Orc:2    | Reached skill level 10 in Fighting
 15964 | Orc:2    | Found a staircase to the Elven Halls.
 16168 | Orc:2    | Found Jotanot's General Store.
 16168 | Orc:2    | Found Hudeuf Ytwa's Antique Weapon Shoppe.
 16172 | Orc:2    | Found Faocohy's Distillery.
 16172 | Orc:2    | Found Owkoim's General Store.
 16180 | Orc:2    | Bought a potion of ambrosia for 88 gold pieces
 16181 | Orc:2    | Bought a scroll of brand weapon for 152 gold pieces
 16279 | Orc:2    | Bought a pair of glowing boots for 300 gold pieces
 16279 | Orc:2    | Bought a pair of embroidered gloves for 300 gold pieces
 16279 | Orc:2    | Bought a glowing cloak for 300 gold pieces
 16667 | Lair:1   | Entered Level 1 of the Lair of Beasts
 17794 | Lair:2   | Reached skill level 10 in Armour
 17810 | Lair:2   | Identified the +3 scale mail of the Hidden Vale {^Drain
                  | Int+2 Dex+7}
 18155 | Lair:2   | Identified the scarf "Denosaxt" {shadows, Will+ MP+9}
 18273 | Lair:2   | Found a staircase to the Swamp.
 18815 | Lair:3   | Gained mutation: You have a pair of large antennae on your
                  | head. (SInv) [demonic ancestry]
 18815 | Lair:3   | Reached XP level 15. HP: 128/128 MP: 15/15
 18964 | Lair:3   | Found a staircase to the Snake Pit.
 18988 | Snake:1  | Entered Level 1 of the Snake Pit
 18994 | Snake:1  | Reached skill level 14 in Shields
 19084 | Snake:1  | Found Afforyif's Book Boutique.
 19084 | Snake:1  | Found Sach's Jewellery Shoppe.
 19085 | Snake:1  | Found Pus Nene's Book Boutique.
 19119 | Snake:1  | Bought a ring of resist corrosion for 300 gold pieces
 19153 | Snake:1  | Found an ancient bone altar of Kikubaaqudgha.
 19942 | Snake:2  | Reached skill level 15 in Shields
 20507 | Snake:2  | Identified the staff of the Orange Skies {rPois Str+2 Necro
                  | Air Alchemy}
 20861 | Snake:2  | Reached XP level 16. HP: 139/139 MP: 16/16
 21129 | Snake:3  | Found a stormy altar of Qazlal.
 21194 | Snake:3  | Noticed Vashnia
 21212 | Snake:3  | Killed Vashnia
 21290 | Snake:3  | Found a bloodstained altar of Trog.
 21299 | Snake:3  | Reached skill level 16 in Shields
 22168 | Snake:4  | Entered Level 4 of the Snake Pit
 22801 | Snake:4  | Reached skill level 17 in Shields
 22831 | Snake:4  | Identified the +6 long sword "Vutibit" {flame, rElec rF+
                  | Stlth-}
 23003 | Snake:4  | Reached XP level 17. HP: 149/149 MP: 17/17
 23721 | Snake:4  | Got a serpentine rune of Zot
 25152 | Lair:4   | You fall into a shaft and drop 1 floor!
 25152 | Lair:5   | Entered Level 5 of the Lair of Beasts
 25303 | Lair:5   | Reached skill level 18 in Shields
 25674 | Lair:5   | Got an earthy gem with 60 turns to spare
 26039 | Lair:5   | Found a staircase to the Slime Pits.
 26113 | Slime:1  | Entered Level 1 of the Pits of Slime
 26116 | Slime:1  | Noticed an acid blob
 26125 | Slime:1  | Noticed an acid blob
 27057 | Swamp:1  | Entered Level 1 of the Swamp
 28181 | Swamp:2  | Gained mutation: Your magical and physical power is
                  | slightly enhanced at high health. [demonic ancestry]
 28181 | Swamp:2  | Reached XP level 18. HP: 159/159 MP: 18/18
 28278 | Swamp:2  | Identified the serpent talisman "Jaren" {Int+9}
 28278 | Swamp:2  | Noticed Aizul
 28292 | Swamp:2  | Killed Aizul
 29026 | Swamp:3  | Noticed Roxanne
 29028 | Swamp:3  | Noticed Donald
 29150 | Swamp:2  | Killed Donald
 29572 | Swamp:3  | Reached skill level 19 in Shields
 30047 | Swamp:4  | Entered Level 4 of the Swamp
 30692 | Swamp:4  | Noticed the 27-headed Lernaean hydra
 30897 | Swamp:4  | Killed the 26-headed Lernaean hydra
 31033 | Swamp:4  | Got a decaying rune of Zot
 31472 | Lair:3   | Bought the ring "Jeastiaw" {Fly rCorr Dex+3} for 531 gold
                  | pieces
 31638 | Lair:5   | Gained mutation: You are dopey. (Int -2) [a shining eye]
 32383 | Slime:1  | Gained mutation: Your magical and physical power is
                  | enhanced at high health. [demonic ancestry]
 32383 | Slime:1  | Reached XP level 19. HP: 98/169 MP: 19/19
 32387 | Slime:1  | Reached skill level 15 in Fighting
 33197 | Slime:2  | Reached skill level 20 in Shields
 33897 | Slime:4  | Gained mutation: Your body sometimes deteriorates upon
                  | taking damage. [a shining eye]
 33903 | Slime:4  | Lost mutation: You are robust. (+10% HP) [a shining eye]
 33905 | Slime:4  | Gained mutation: You have hidden genetic defects. [a
                  | shining eye]
 34179 | Slime:2  | Gained mutation: You occasionally shout uncontrollably at
                  | your foes. [a shining eye]
 34559 | Slime:5  | Entered Level 5 of the Pits of Slime
 34571 | Slime:5  | Paralysed by a formless jellyfish for 1 turns
 34622 | Slime:5  | Gained mutation: Your magical capacity is low. (-10% MP) [a
                  | shining eye]
 34623 | Slime:5  | Gained mutation: You are frail. (-10% HP) [a shining eye]
 34630 | Slime:5  | Gained mutation: Your spells are a little easier to cast,
                  | but a little less powerful. [a shining eye]
 34661 | Slime:5  | Noticed the Royal Jelly
 34699 | Slime:5  | HP: 4/141 [the Royal Jelly (7)]
 34699 | Slime:5  | Splashed by the Royal Jelly's acid

Illustrated notes

Levels and vault maps discovered:
D:1:      dpeg_arrival_rooms_a, layout_basic, supply_closet_lemuel
D:2:      layout_basic, basic_altar, minivault_4, minmay_tetromino_o2,
          uniq_crazy_yiuf_cottage, uniq_jessica
D:3:      layout_basic, grunt_temple_overflow_champion_of_chaos,
          chequers_ecumenical_altar_simple
D:4:      layout_layer_cave, ebering_ghost_inner_flame, glass_columns_b,
          uniq_menkaure, uniq_ijyb
D:5:      minmay_skewed_foursquare, layout_loops_ring, lemuel_doored_altar,
          st_stairs_11, nicolae_nh_oracle_at_delphi
D:6:      nicolae_cairo_tiling, layout_cave_pools, mainiacjoe_overflow_alcove_1,
          nicolae_overflow_hidden_temple, nicolae_elyvilon_temple_path
D:7:      layout_loops_corners, mainiacjoe_overflow_alcove_2,
          grunt_temple_overflow_open, trog_hazing_becter,
          minmay_temple_entry_trees, serial_bayou_pond_c, uniq_pikel
D:8:      layout_basic, mainiacjoe_overflow_tiny_flanked,
          nicolae_dithmenos_the_darkroom, hellmonk_ghost_big_iron,
          kennysheep_generic_room_2, uniq_grum
D:9:      layout_cave_pools, old_standard_altar,
          nicolae_yredelemnul_corpse_copse, nemelex_spade_bored_becter,
          lair_entry_dummy, serial_park, serial_park_tiny_2, serial_park_gazebo
          [serial_park_minivault_5x5_5], serial_park_square3
          [serial_park_minivault_5x5_8], serial_park_tiny_2, uniq_maggie
D:10:     layout_rooms, mainiacjoe_overflow_concentric_impassable,
          minmay_st_funbox, grunt_decor_fettered, nrook_mini_vaults, uniq_urug
D:11:     layout_gridville, chequers_serial_rivers_room_b
D:12:     layout_rooms, david_orc_1_choice, serial_bayou, serial_bayou_pond_e,
          serial_bayou_pond_c, serial_bayou_shore_a, serial_bayou_lagoon_a,
          hangedman_cracks_in_the_wall
D:13:     layout_layer_cave
D:14:     layout_roguey, hellmonk_vaults_order_and_chaos, nicolae_burly_brawl
D:15:     hangedman_depths_entry_try_elsewhere_first, layout_irregular_city,
          serial_bayou_pond_b, uniq_agnes
Temple:   nicolae_temple_stand_before_the_council
Lair:1:   layout_roguey, serial_bayou_shore_b
Lair:2:   regret_index_tunnel_blossom, layout_long_grid,
          minmay_swamp_entry_wisps, nicolae_lair_lakeside_cave
Lair:3:   layout_loops_ring, nicolae_snake_entry_squirm,
          small_statue_intersection, infiniplex_staircase_pool
Lair:4:   layout_loops_ring
Lair:5:   gammafunk_lair_ancient_temple, layout_loops_ring,
          minmay_slime_entry_oklob_enclosed, minivault_27
Swamp:1:  layout_basic_swamp, evilmike_swamp_ruin_rubble_1, swamp_pool_3,
          cheibrodos_swamp_witchery
Swamp:2:  layout_falls_marsh, hangedman_swamp_ruin_wall, uniq_aizul
Swamp:3:  layout_basic_swamp, evilmike_swamp_ruin_house_6, uniq_donald,
          uniq_roxanne
Swamp:4:  swamp_alternative, layout_basic_swamp, swamp_pool_5,
          nicolae_swamp_feature_on_the_river_bank
Snake:1:  layout_onion_interference, basic_altar, grunt_ministairs_10,
          minmay_shop_grove
Snake:2:  layout_gridlike, nicolae_snake_salamander_fort, grunt_megastairs_5
Snake:3:  layout_onion_interference, hangedman_feature_mirror, uniq_vashnia
Snake:4:  grunt_snake_rune_spirals, layout_onion
Slime:1:  layout_caves, special_room [special_room_jelly]
Slime:2:  layout_caves, cheibrodos_slime_lost_civilization_5
Slime:3:  layout_caves
Slime:4:  nicolae_slime_pool, layout_caves
Slime:5:  slime_pit
Orc:1:    layout_caves, basic_altar
Orc:2:    grunt_orc_tribal_feast, layout_caves, guppyfry_library_mini

Skill      XL: |  1  2  3  4  5  6  7  8  9 10 11 12 13 14 15 16 17 18 19 |
---------------+----------------------------------------------------------+-----
Axes           | 2 3 4 5 6 7 8 10 11 13 14 15 16 17 18 | 18.7
Armour         | 3 4 6 7 8 9 10 11 12 13 | 13.6
Shields        | 3 4 6 7 9 10 11 12 13 15 17 18 19 20 | 20.4
Dodging        | 1 2 |  2.0
Fighting       | 4 5 6 7 8 9 10 11 13 14 15 | 15.7
Unarmed Combat | |  0.3
Evocations     | |  0.5

Action                     |  1- 3 |  4- 6 |  7- 9 | 10-12 | 13-15 | 16-18 | 19-21 || total
---------------------------+-------+-------+-------+-------+-------+-------+-------++-------
  Melee: War axe           |   104 |   161 |   302 |    50 |   935 |  1323 |   347 ||  3222
         Unarmed           |       |    17 |       |       |       |       |       ||    17
         Hand axe          |       |       |   118 |    31 |       |       |       ||   149
         Broad axe         |       |       |       |   330 |       |       |       ||   330
 Invoke: Call Merchant     |       |       |       |     3 |     1 |     2 |       ||     6
  Evoke: Wand              |       |       |       |       |       |     4 |       ||     4
         Lightning rod     |       |       |       |       |       |       |     1 ||     1
    Use: Scroll            |     1 |       |    13 |    19 |     6 |     5 |       ||    44
         Potion            |       |       |     3 |     4 |     2 |       |     1 ||    10
   Stab: Distracted        |       |       |       |     4 |     3 |     4 |     3 ||    14
 Armour: Scale mail        |   106 |    58 |       |       |       |       |       ||   164
         Chain mail        |       |    68 |   241 |       |       |       |       ||   309
         Skin              |       |    17 |       |       |       |       |       ||    17
         Crystal plate arm |       |       |    53 |   347 |   494 |  1884 |   205 ||  2983
  Dodge: Dodged            |    52 |    82 |    97 |    27 |    49 |   229 |    26 ||   562
  Block: Buckler           |    38 |   105 |   402 |   135 |       |       |       ||   680
         Other             |       |     1 |       |       |       |       |       ||     1
         Reflection        |       |       |    10 |    32 |    99 |   171 |     2 ||   314
         Kite shield       |       |       |       |   367 |   852 |       |       ||  1219
         Tower shield      |       |       |       |       |   343 |  2292 |   473 ||  3108
